 Dungeon Crawl Stone Soup version 0.29-a0-872-g797fff5ad1 (webtiles) character file.

Game seed: 16618220973918668220

5625 Sabo the Frost Mage (level 10, 0/78 (85) HPs)
             Began as a Naga Ice Elementalist on July 17, 2022.
             Was a High Priest of Fedhas.
             Slain by Maurice
             ... wielding a +2 dagger of draining
              (6 damage)
             ... on level 9 of the Dungeon on July 18, 2022.
             The game lasted 01:51:17 (16837 turns).

Sabo the Frost Mage (Naga Ice Elementalist)        Turns: 16837, Time: 01:51:18

HP:   0/78 (85)     AC:  2    Str: 10    XL:     10   Next: 74%
MP:   22/22         EV:  9    Int: 19    God:    Fedhas [*****.]
Gold: 0             SH:  0    Dex: 12    Spells: 16/25 levels left

rFire   + + .      SeeInvis +   N - staff of cold
rCold   + + .      Faith    .   (no shield)
rNeg    + . .      Spirit   .   a - +2 robe {rC+ rF+}
rPois   +          Reflect  .   (no helmet)
rElec   .          Harm     .   K - +2 ratskin cloak {*Rats rPois rN+ Str-1 Int-1 Dex+1}
rCorr   .          Rampage  .   (no gloves)
Will    +....                   p - +1 barding
Stlth   +++.......              F - amulet of magic regeneration
HPRegen 0.23/turn               j - ring of wizardry
MPRegen 0.58/turn               x - ring of protection from fire

@: lethally poisoned (0 -> -4), corroded, drained, very slow
A: AC +3, large, see invisible, deformed body, poison resistance, slowness 2,
spit poison 1, naga tail 1
a: Spit Poison, Renounce Religion, Wall of Briars, Grow Ballistomycete,
Overgrow, Grow Oklob


You were on level 9 of the Dungeon.
You worshipped Fedhas.
Fedhas was extremely pleased with you.
You visited 1 branch of the dungeon, and saw 9 of its levels.

Inventory:

Hand Weapons
 n - the +5 dagger "Kelluefi" {freeze, rElec Dex+4}
   (You found it on level 4 of the Dungeon)

   It freezes those it strikes, dealing additional cold damage.
   It can also slow down cold-blooded creatures.
   Dex:       It affects your dexterity (+4).
   rElec:     It insulates you from electricity.
 o - a +0 short sword of electrocution
 t - a +5 short sword of protection
 v - a +0 war axe
 y - a +0 shortbow
 R - a +7 dagger
 S - a +4 falchion
 T - a +2 vorpal hand axe
Missiles
 d - a throwing net
 h - 12 poisoned darts (quivered)
 Q - 3 javelins
Armour
 a - a +2 robe of resistance (worn)
 p - a +1 barding (worn)
 K - the +2 ratskin cloak (worn) {*Rats rPois rN+ Str-1 Int-1 Dex+1}
   (You found it on level 7 of the Dungeon)

   When the wearer is hurt, rats may emerge from it to assist them.
   Str:       It affects your strength (-1).
   Int:       It affects your intelligence (-1).
   Dex:       It affects your dexterity (+1).
   rPois:     It protects you from poison.
   rN:        It protects you from negative energy.
Magical Staves
 N - a staff of cold (weapon)
Jewellery
 j - a ring of wizardry (left hand)
 x - a ring of protection from fire (right hand)
 C - an amulet of the acrobat
 F - an amulet of magic regeneration (around neck)
Wands
 B - a wand of mindburst (18)
 D - a wand of charming (1)
 I - a wand of digging (3)
Scrolls
 c - a scroll of brand weapon
 i - 3 scrolls of teleportation
 l - 6 scrolls of fog
 m - 3 scrolls of poison
 E - a scroll of amnesia
 H - 2 scrolls of magic mapping
 M - a scroll of blinking
Potions
 b - 2 potions of magic
 e - 2 potions of curing
 f - a potion of lignification {unknown}
 k - a potion of brilliance {unknown}
 q - 2 potions of invisibility
 u - a potion of resistance {unknown}
 w - a potion of degeneration {unknown}
 A - 4 potions of attraction {unknown}
 G - a potion of flight {unknown}


   Skills:
 + Level 3.7 Fighting
 + Level 5.4 Short Blades
 + Level 3.6 Throwing
 + Level 4.6 Dodging
 + Level 5.4 Stealth
 + Level 8.0 Spellcasting
 + Level 9.5 Ice Magic
 + Level 0.6 Invocations


You had 16 spell levels left.
You knew the following spells:

 Your Spells              Type           Power      Damage    Failure   Level
a - Freeze                Ice            100%       1d11      1%          1
b - Hailstorm             Conj/Ice       38%        3d9       5%          4
c - Frozen Ramparts       Ice            100%       1d12      1%          3
d - Apportation           Tloc           14%        N/A       3%          1

Your spell library contained the following spells:

 Spells                   Type           Power      Damage    Failure   Level
 Ozocubu's Armour         Ice            60%        N/A       1%          3
 Ice Form                 Ice/Tmut       38%        N/A       5%          4
 Call Canine Familiar     Summ           7%         N/A       11%         3
 Confusing Touch          Hex            7%         N/A       11%         3
 Portal Projectile        Hex/Tloc       14%        N/A       11%         3
 Leda's Liquefaction      Hex/Erth       3%         N/A       32%         4
 Simulacrum               Ice/Necr       19%        N/A       58%         6
 Alistair's Intoxication  Tmut/Pois      4%         N/A       65%         5
 Blade Hands              Tmut           3%         N/A       65%         5
 Irradiate                Conj/Tmut      3%         3d12      65%         5
 Yara's Violent Unravell  Hex/Tmut       3%         3d4       65%         5
 Conjure Ball Lightning   Conj/Air       3%         3x3d6     99%         6
 Dragon Form              Tmut           3%         N/A       100%        7
 Enfeeble                 Hex            3%         N/A       100%        7
 Discord                  Hex            3%         N/A       100%        8
 Disjunction              Tloc           3%         N/A       100%        8


Dungeon Overview and Level Annotations

Branches:
Dungeon (9/15)             Temple (0/1) D:5
   Lair: D:8-11         Orc: D:9-12

Altars:
Ashenzari
Cheibriados
Dithmenos
Fedhas
Gozag
Hepliaklqana
Sif Muna
Trog
Uskayaw
Zin
The Shining One

Shops:
D:6 !=   D:7 *

Annotations:
D:9 Maurice


Innate Abilities, Weirdness & Mutations

Your serpentine skin is tough. (AC +3)
You have supernaturally acute eyesight. (SInv)
Armour fits poorly on your strangely shaped body.
Your system is resistant to poisons. (rPois)
You cover ground very slowly.
You can spit poison.
You have a snake-like lower body.


Message History

Press: ? - help, Shift-Dir - straight line, f/p - Maurice
Aim: Maurice, wielding a +2 dagger of draining, wearing a +0 cloak of stealth, quivering poisoned darts and carrying a wand of acid (2) (heavily wounded, covering ground quickly, slightly transparent, poisoned)
You feel a surge of power!
You freeze Maurice.
Maurice is severely wounded.
Maurice looks more healthy.
Maurice hits you with a +2 dagger of draining!
* * * LOW HITPOINT WARNING * * *
Maurice steals your lumpy cyan potion! You partially resist.
You feel drained.
You feel much better.
Maurice drinks a potion.
Maurice seems to speed up.
You completely miss Maurice.
Maurice is heavily wounded.
Maurice zaps a wand.
The bolt of acid misses you.
Maurice mumbles some strange words.
Maurice blinks!
Maurice throws a poisoned dart.
The poisoned dart hits you!
You are poisoned.
You have got your breath back.
You feel very sick.
Maurice zaps a wand.
The bolt of acid hits you!
The now-empty wand crumbles to dust.
Maurice throws a poisoned dart.
The poisoned dart hits you.
You are more poisoned.
You feel very sick.
Maurice says, "Nice gear.
Can I borrow some?"
Maurice barely misses you.
Maurice hits you with a +2 dagger of draining!
* * * LOW HITPOINT WARNING * * *
Maurice steals your scroll labelled JUGAKU IQEIDE!
You partially resist.
You feel drained.
* * * LOW HITPOINT WARNING * * *
You hit Maurice.
Maurice is severely wounded.
You feel sick.
Maurice hits you with a +2 dagger of draining!
* * * LOW HITPOINT WARNING * * *
Maurice steals your wand of roots (19)! You partially resist.
You feel drained.
* * * LOW HITPOINT WARNING * * *
Maurice hits you with a +2 dagger of draining.
You die...
Fedhas appreciates your contribution to the ecosystem.

##### #####...#
...)....# # ### ###
#####)..# #.#.....
##.## #.#.#.#
#####...### #.....#
#.........# #.#
#.###...#.######.#
#...........##@#
#.##.##.###.##@# #.
#.##.###.##.######.
.
#....##............
..
........#...#######
#. ###.##.....## #.
#.#.#.# #. #.#.#.#
..#.#.#


You could see Maurice (fast, swift, invisible).

Vanquished Creatures
  Pikel (D:5)
  Prince Ribbit (D:5)
  Sigmund (D:3)
  3 yaks (D:8)
  A steam dragon (D:8)
  A water moccasin (D:8)
  Duvessa (D:7)
  An acid dragon (D:8)
  5 ice beasts
  A black bear (D:6)
  3 centaurs
  A phantom (D:6)
  A kobold brigand (D:9)
  3 bullfrogs
  Blork the orc (D:5)
  4 scorpions
  A necrophage (D:5)
  11 wights (D:8)
  Dowan (D:7)
  7 killer bees
  A howler monkey (D:7)
  5 jellies
  3 orc priests
  A gnoll bouda (D:8)
  6 hounds
  6 iguanas
  8 orc wizards
  6 hell rats (D:7)
  15 adders
  9 gnolls
  13 river rats (D:7)
  2 worms (D:3)
  4 dart slugs
  20 orcs
  6 ball pythons
  3 endoplasms
  4 giant cockroaches
  12 goblins
  5 hobgoblins
  4 jackals (D:2)
  6 quokkas
  7 bats
  3 frilled lizards
  14 kobolds
  21 rats
  A spectral goblin (D:8)
234 creatures vanquished.

Vanquished Creatures (collateral kills)
  A wight (D:8)
  6 orcs
7 creatures vanquished.

Grand Total: 241 creatures vanquished

Notes
Turn   | Place    | Note
-------+----------+-------------------------------------------
     0 | D:1      | Sabo the Naga Ice Elementalist began the quest for the Orb.
     0 | D:1      | Reached XP level 1. HP: 15/15 MP: 3/3
   329 | D:1      | Reached XP level 2. HP: 22/22 MP: 5/5
   450 | D:1      | Found a faded altar of an unknown god.
   571 | D:1      | Prayed at the altar of an unknown god.
   571 | D:1      | Became a worshipper of Fedhas Madash
   571 | D:1      | Reached * piety under Fedhas
  1291 | D:2      | Reached XP level 3. HP: 24/28 MP: 4/6
  1557 | D:2      | You fall into a shaft and drop 2 floors!
  1560 | D:3      | Noticed Sigmund
  1567 | D:3      | Reached skill level 5 in Ice Magic
  1792 | D:3      | Reached XP level 4. HP: 29/36 MP: 2/7
  1912 | D:2      | Reached ** piety under Fedhas
  2979 | D:2      | Learned a level 3 spell: Ozocubu's Armour
  2983 | D:2      | Learned a level 3 spell: Frozen Ramparts
  3015 | D:3      | Reached XP level 5. HP: 40/42 MP: 4/8
  3119 | D:3      | Reached *** piety under Fedhas
  3181 | D:3      | Found an opulent altar of Gozag.
  3456 | D:3      | Killed Sigmund
  3457 | D:3      | Reached skill level 6 in Ice Magic
  3457 | D:3      | Reached XP level 6. HP: 40/50 MP: 10/10
  3642 | D:3      | Found a shadowy altar of Dithmenos.
  4366 | D:3      | Reached XP level 7. HP: 38/56 MP: 11/11
  4518 | D:3      | Found a glowing golden altar of the Shining One.
  4518 | D:3      | Found a glowing silver altar of Zin.
  4819 | D:4      | Reached skill level 1 in Fighting
  5540 | D:4      | Reached skill level 1 in Throwing
  5540 | D:4      | Reached skill level 5 in Stealth
  5772 | D:4      | Found a bloodstained altar of Trog.
  6298 | D:4      | Identified the +5 dagger "Kelluefi" {freeze, rElec Dex+4}
  6342 | D:5      | Entered Level 5 of the Dungeon
  6703 | D:5      | Noticed Blork the orc
  6716 | D:5      | Killed Blork the orc
  6717 | D:5      | Reached XP level 8. HP: 24/64 MP: 13/13
  7098 | D:5      | Reached **** piety under Fedhas
  7329 | D:5      | Found a staircase to the Ecumenical Temple.
  8118 | D:5      | Reached skill level 7 in Ice Magic
  8246 | D:5      | Noticed Prince Ribbit
  8263 | D:5      | Killed Prince Ribbit
  8264 | D:5      | Reached skill level 5 in Spellcasting
  8264 | D:5      | Reached XP level 9. HP: 39/73 MP: 8/16
  8729 | D:5      | Noticed Pikel
  8796 | D:5      | Killed Pikel
  8898 | D:5      | Found a broken altar of Ashenzari.
  8904 | D:5      | Found a hide-covered altar of Uskayaw.
  8911 | D:5      | Found a shimmering blue altar of Sif Muna.
  9100 | D:6      | Found Jippalo's Jewellery Shop.
  9107 | D:6      | Reached skill level 8 in Ice Magic
  9159 | D:6      | Found Ololave's Distillery.
 10020 | D:7      | Noticed Dowan
 10028 | D:7      | Noticed Duvessa
 10042 | D:7      | Killed Duvessa
 10050 | D:7      | Killed Dowan
 10206 | D:7      | Upgraded the game from 0.29-a0-870-g2c972031a6 to
                  | 0.29-a0-872-g797fff5ad1
 10245 | D:7      | Reached skill level 5 in Short Blades
 10332 | D:7      | Found a blossoming altar of Fedhas.
 11116 | D:7      | Reached ***** piety under Fedhas
 11117 | D:7      | Reached XP level 10. HP: 24/81 MP: 20/20
 11588 | D:7      | Found a snail-covered altar of Cheibriados.
 11638 | D:7      | Found Nomang's Assorted Antiques.
 12603 | D:7      | Found the +2 ratskin cloak {*Rats rPois rN+ Str-1 Int-1
                  | Dex+1}
 12724 | D:8      | Reached skill level 9 in Ice Magic
 13909 | D:8      | Learned a level 4 spell: Hailstorm
 13911 | D:8      | Learned a level 1 spell: Apportation
 14730 | D:8      | HP: 1/75 [gnoll/+0 halberd[a gnoll bouda] (8)]
 16083 | D:8      | Found a hazy altar of Hepliaklqana.
 16276 | D:8      | Identified a scroll of acquirement
 16277 | D:8      | Acquired a staff of cold
 16817 | D:9      | Noticed Maurice
 16837 | D:9      | Slain by Maurice

Illustrated notes

Levels and vault maps discovered:
D:1:      nicolae_arrival_memento_mori, layout_loops_ring,
          shapermc_ecumenical_altar_venn
D:2:      minmay_kobold_bridge, layout_basic, minmay_rat_hole
D:3:      layout_basic, nicolae_gozag_cash_rules_everything_around_me,
          grunt_dithmenos_smoke, gammafunk_temple_overflow_elements,
          uniq_sigmund
D:4:      layout_loops_ring, bloody_trog
D:5:      layout_cave_pools, minmay_overflow_temple_star_quad,
          minmay_temple_entry_antechambers, nzn_random_ring,
          uniq_prince_ribbit1, uniq_pikel, uniq_blork_the_orc
D:6:      layout_rooms, serial_shops, nicolae_shop_trees, nicolae_diamond_shop
D:7:      wander_guarded_unrand_ratskin, layout_basic, kennysheep_slug_shrine,
          fedhas_bush_and_centaur_altar, serial_shops,
          nicolae_shop_hallway_plus, nicolae_concentric_dashed_squares_mild,
          uniq_duvessa
D:8:      layout_rooms, nicolae_hepliaklqana_monster_ancestors
D:9:      layout_loops_ring, special_room [special_room_orc], uniq_maurice

Skill      XL: |  1  2  3  4  5  6  7  8  9 10 |
---------------+-------------------------------+-----
Ice Magic      | 5 6 7 8 9 |  9.5
Stealth        | 4 5 |  5.4
Short Blades   | 2 3 4 5 |  5.4
Dodging        | 2 3 4 |  4.6
Spellcasting   | 3 5 7 8 |  8.0
Fighting       | 1 2 3 |  3.7
Throwing       | 1 2 3 |  3.6
Invocations    | |  0.6

Action                   |  1- 3 |  4- 6 |  7- 9 | 10-12 || total
-------------------------+-------+-------+-------+-------++-------
Melee: Unarmed           |     1 |       |       |       ||     1
       Dagger            |     3 |       |   192 |   198 ||   393
       Short sword       |    10 |    96 |    45 |       ||   151
       Punch             |       |       |     6 |     4 ||    10
       Staff             |       |       |       |    74 ||    74
Throw: Dart              |       |    10 |    38 |    21 ||    69
 Cast: Freeze            |    21 |    18 |    76 |    57 ||   172
       Ozocubu's Armour  |       |     4 |       |       ||     4
       Apportation       |       |       |       |     1 ||     1
Invok: Wall of Briars    |       |     2 |       |       ||     2
 Abil: Spit Poison       |    29 |    30 |    56 |    33 ||   148
  Use: Scroll            |     1 |       |    13 |     6 ||    20
       Potion            |       |     2 |       |     4 ||     6
 Stab: Sleeping          |       |     1 |       |       ||     1
Armor: Robe              |    11 |    52 |   143 |   158 ||   364
Dodge: Dodged            |    18 |    37 |   128 |   131 ||   314

Table legend: (Time is in decaauts)
 A = Elapsed time spent in this place.
 B = Non-inter-level travel time spent in this place.
 C = Inter-level travel time spent in this place.
 D = Time resting spent in this place.
 E = Time spent auto-exploring this place.
 F = Levels seen in this place.
 G = Mean time per level.
                   A        B        C        D        E       F      G
               +--------+--------+--------+--------+--------+-----+--------+
         Total |  19438 |  19438 |      0 |   8776 |      0 |   9 | 2159.8 |
       Dungeon |  19438 |  19438 |      0 |   8776 |      0 |   9 | 2159.8 |
               +--------+--------+--------+--------+--------+-----+--------+

Top non-repeatable levels by time:
     D:8: 3849 daAuts
     D:7: 3177 daAuts
     D:5: 3088 daAuts
     D:3: 2287 daAuts
     D:4: 2048 daAuts
     D:2: 1722 daAuts
     D:1: 1586 daAuts
     D:6: 1071 daAuts
     D:9: 608 daAuts
